 Dungeon Crawl Stone Soup version 0.23-b1-84-g6588a6b (webtiles) character file.

Game seed: 2752104171072739894

839 rednecknazgul the Cutter (level 8, -1/42 HPs)
             Began as a Vine Stalker Fighter on Feb 9, 2019.
             Slain by Prince Ribbit (6 damage)
             ... on level 5 of the Dungeon.
             The game lasted 00:04:10 (2983 turns).

rednecknazgul the Cutter (Vine Stalker Fighter)     Turns: 2983, Time: 00:04:10

Health: -1/42      AC: 11    Str: 21    XL:     8   Next: 0%
Magic:  0/9        EV:  5    Int:  8    God:
Gold:   290        SH: 10    Dex: 14    Spells: 7/7 levels left

rFire    . . .     SeeInvis .   a - +0 rapier
rCold    + . .     Gourm    .   c - +0 shield
rNeg     . . .     Faith    .   l - +0 plate armour
rPois    .         Spirit   +   (no helmet)
rElec    .         Reflect  .   (no cloak)
rCorr    .         Harm     .   (no gloves)
MR       +....                  (no boots)
Stlth    ..........             (no amulet)
HPRegen  0.54/turn              t - ring of protection from cold
MPRegen  0.11/turn              (no ring)

@: no status effects
A: fangs 3, regeneration 1, magic shield, antimagic bite, no potion heal 3, rot
immunity
a: no special abilities


You were on level 5 of the Dungeon.
You were not hungry.

You visited 1 branch of the dungeon, and saw 5 of its levels.

You collected 290 gold pieces.

Inventory:

Hand Weapons
 a - a +0 rapier (weapon)
Armour
 c - a +0 shield (worn)
 l - a +0 plate armour (worn)
Jewellery
 t - a ring of protection from cold (left hand)
Wands
 r - a wand of polymorph (12)
 s - a wand of flame (12)
 u - a wand of random effects (17)
Scrolls
 e - 4 scrolls of identify {unknown}
 j - 6 scrolls of remove curse {unknown}
 k - 2 scrolls of teleportation {unknown}
 m - 4 scrolls of random uselessness {unknown}
 n - 2 scrolls of magic mapping {unknown}
 o - a scroll of amnesia {unknown}
 v - a scroll of blinking {unknown}
Potions
 b - a potion of flight {unknown}
 d - 2 potions of might
 g - 2 potions of haste {unknown}
 h - 2 potions of heal wounds {unknown}
 i - 2 potions of agility {unknown}
 p - 2 potions of invisibility {unknown}
 q - 2 potions of curing {unknown}
Comestibles
 f - 8 rations


   Skills:
 + Level 4.2 Fighting
 * Level 5.0 Short Blades
 + Level 3.7 Armour
 + Level 2.5 Dodging
 + Level 4.0 Shields


You had 7 spell levels left.
You didn't know any spells.
Your spell library contained the following spells:

 Spells                   Type           Power        Failure   Level  Hunger
 Summon Small Mammal      Summ           #...         100%        1    ##.....
 Call Imp                 Summ           #.......     100%        2    ###....
 Call Canine Familiar     Summ           #.......     100%        3    ####...
 Summon Guardian Golem    Hex/Summ       #.......     100%        3    ####...
 Summon Ice Beast         Ice/Summ       #.......     100%        4    #####..
 Summon Lightning Spire   Summ/Air       #.......     100%        4    #####..


Dungeon Overview and Level Annotations

Branches:
Dungeon (5/15)
 Temple: D:4-7

Altars:
Makhleb
Yredelemnul

Shops:
D:5 *

Annotations:
D:5 Prince Ribbit


Innate Abilities, Weirdness & Mutations

You have razor-sharp teeth.
Your natural rate of healing is unusually fast.
When hurt, damage is shared between your health and your magic reserves.
Your bite disrupts and absorbs the magic of your enemies.
Potions cannot restore your health.
You are immune to rotting.


Message History

Your shield and plate armour prevent you from hitting Prince Ribbit.
Prince Ribbit is severely wounded.
Prince Ribbit falters for a moment. x2
You completely miss Prince Ribbit. Your bite misses Prince Ribbit.
Prince Ribbit is severely wounded.
Prince Ribbit falters for a moment.
You hit Prince Ribbit.
Prince Ribbit is almost dead.
Prince Ribbit hits you. Prince Ribbit hits you!
Your shield and plate armour prevent you from hitting Prince Ribbit.
Your bite misses Prince Ribbit.
Prince Ribbit is almost dead.
Prince Ribbit hits you.
* * * LOW HITPOINT WARNING * * *
Your plate armour prevents you from hitting Prince Ribbit.
Prince Ribbit is almost dead.
Prince Ribbit hits you!
* * * LOW HITPOINT WARNING * * *
Prince Ribbit hits you!
You die...

....### ....... .......
....... #..... #/....
#.....#################
+....F@..............).
#.._..#################
###### # # # # # #


You could see Prince Ribbit.

Vanquished Creatures
  An ice beast (D:5)
  A sky beast (D:5)
  An ogre (D:4)
  A gnoll sergeant (D:5)
  2 scorpions (D:4)
  A howler monkey (D:4)
  A vampire bat (D:3)
  An orc wizard (D:3)
  5 worker ants
  3 adders
  4 gnolls (D:5)
  3 oozes
  A worm (D:3)
  4 dart slugs
  4 leopard geckos
  4 orcs
  A ball python (D:2)
  15 bats
  6 giant cockroaches
  5 goblins
  4 hobgoblins
  12 jackals
  2 quokkas (D:3)
  7 frilled lizards
  3 kobolds
  A leopard gecko skeleton (D:4)
  9 rats
102 creatures vanquished.

Notes
Turn   | Place    | Note
-------+----------+-------------------------------------------
     0 | D:1      | rednecknazgul the Vine Stalker Fighter began the quest for
                  | the Orb.
     0 | D:1      | Reached XP level 1. HP: 11/11 MP: 2/2
   111 | D:1      | Reached skill level 2 in Short Blades
   143 | D:1      | Reached XP level 2. HP: 13/16 MP: 3/3
   279 | D:1      | Reached XP level 3. HP: 17/19 MP: 4/4
   712 | D:2      | Gained mutation: Your natural rate of healing is unusually
                  | fast. [Vine Stalker growth]
   712 | D:2      | Reached XP level 4. HP: 16/24 MP: 5/5
   863 | D:2      | Reached skill level 1 in Dodging
  1230 | D:3      | Found a basalt altar of Yredelemnul.
  1405 | D:3      | Reached skill level 3 in Short Blades
  1415 | D:3      | Reached XP level 5. HP: 25/28 MP: 6/6
  1735 | D:3      | Found a faded altar of an unknown god.
  1944 | D:4      | Reached XP level 6. HP: 28/32 MP: 5/7
  2348 | D:4      | Reached skill level 4 in Short Blades
  2361 | D:4      | Reached XP level 7. HP: 31/37 MP: 8/8
  2753 | D:5      | Entered Level 5 of the Dungeon
  2820 | D:5      | Found Poxodoor's General Store.
  2948 | D:5      | Reached skill level 5 in Short Blades
  2953 | D:5      | Gained mutation: You have razor-sharp teeth. [Vine Stalker
                  | growth]
  2953 | D:5      | Reached XP level 8. HP: 24/42 MP: 9/9
  2967 | D:5      | Found a burning altar of Makhleb.
  2967 | D:5      | Noticed Prince Ribbit
  2983 | D:5      | Slain by Prince Ribbit

Skill      XL: |  1  2  3  4  5  6  7 |
---------------+----------------------+-----
Short Blades   | 2 3 4 5 |  5.0
Fighting       | 3 4 |  4.2
Shields        | 3 4 |  4.0
Dodging        | 1 2 |  2.5
Armour         | 3 |  3.7

Action                   |  1- 3 |  4- 6 |  7- 9 || total
-------------------------+-------+-------+-------++-------
Melee: Rapier            |   112 |   211 |    87 ||   410
       Bite              |    23 |    67 |    35 ||   125
  Eat: Chunk             |       |     5 |       ||     5
       Ration            |       |       |     1 ||     1
Armor: Scale mail        |    57 |    18 |       ||    75
       Plate armour      |       |   139 |    27 ||   166
Dodge: Dodged            |    30 |    37 |    10 ||    77
Block: Shield            |    52 |   122 |    27 ||   201
